 Dungeon Crawl Stone Soup version 0.18-a0-987-g0b0e4e7 (webtiles) character file.

7980 dvd the Blocker (level 11, -5/95 HPs)
             Began as a Hill Orc Fighter on Jan 3, 2016.
             Was a Priest of Beogh.
             Slain by an unseen horror (10 damage)
             ... on level 10 of the Dungeon.
             The game lasted 00:36:18 (9956 turns).

dvd the Blocker (Hill Orc Fighter)                  Turns: 9956, Time: 00:36:18

Health: -5/95      AC: 15    Str: 21    XL:     11   Next: 23%
Magic:  12/12      EV: 12    Int:  8    God:    Beogh [***...]
Gold:   531        SH: 13    Dex: 12    Spells: 0 memorised, 10 levels left

rFire  . . .     SeeInvis .     b - +4 mace "Doituri Ige" {freeze, Stlth+}
rCold  . . .     Gourm    .     J - +2 ring mail {rPois}
rNeg   . . .     Faith    .     c - +1 shield
rPois  +         Spirit   .     (no helmet)
rElec  .         Dismiss  .     n - +0 cloak
rCorr  .         Reflect  .     B - +0 pair of gloves
SustAt +         Harm     .     (no boots)
MR     .....                    p - amulet of regeneration
Stlth  +++.......               Q - ring of sustain attributes
                                F - +3 ring of protection

@: very slightly contaminated, not resistant to hostile enchantments, fairly
stealthy
A: no striking features
a: Smiting, Renounce Religion


You were on level 10 of the Dungeon.
You worshipped Beogh.
Beogh was most pleased with you.
You were not hungry.

You visited 2 branches of the dungeon, and saw 11 of its levels.

You collected 531 gold pieces.

Inventory:

Hand Weapons
 a - a +1 war axe
 b - the +4 mace "Doituri Ige" (weapon) {freeze, Stlth+}
   (You found it on level 6 of the Dungeon)

   It has been specially enchanted to freeze those struck by it, causing extra
   injury to most foes and up to half again as much damage against particularly
   susceptible opponents.
   It can also slow down cold-blooded creatures.
   It makes you more stealthy.
 q - a +2 short sword of speed
 v - a +0 mace of holy wrath
 G - a +3 trident
 N - a +1 mace of crushing
Missiles
 e - 4 javelins
 y - 30 tomahawks (quivered)
 A - 4 tomahawks of dispersal
Armour
 c - a +1 shield (worn)
 n - a +0 cloak (worn)
 o - the +2 ring mail "Owelurif" {MR+ Regen+}
   (You found it on level 8 of the Dungeon)

   It affects your resistance to hostile enchantments.
   It increases your rate of regeneration.
 B - a +0 pair of gloves (worn)
 J - a +2 ring mail of poison resistance (worn)
Jewellery
 p - an amulet of regeneration (around neck)
 F - a +3 ring of protection (left hand)
 Q - a ring of sustain attributes (right hand)
Wands
 d - a wand of flame (14/48)
 j - a wand of invisibility (9/9)
 m - a wand of fireball (7/15)
 K - a wand of enslavement (9/24)
 P - a wand of invisibility (4/9)
Scrolls
 h - a scroll of remove curse
 i - 8 scrolls of identify
 r - a scroll of recharging
 s - a scroll of random uselessness {unknown}
 w - a scroll of fear
 z - a scroll of enchant weapon
Potions
 t - a potion of poison {unknown}
 D - a potion of agility {unknown}
 H - a potion of haste
Books
 l - a book of the Sky

   Spells                             Type                      Level
   a - Summon Lightning Spire         Summoning/Air                4
   b - Airstrike                      Air                          4
   c - Silence                        Hexes/Air                    5
   d - Deflect Missiles               Charms/Air                   6
   e - Conjure Ball Lightning         Conjuration/Air              6
   f - Tornado                        Air                          9
 u - a book of Beasts

   Spells                             Type                      Level
   a - Summon Butterflies             Summoning                    1
   b - Call Canine Familiar           Summoning                    3
   c - Summon Ice Beast               Ice/Summoning                4
   d - Summon Mana Viper              Hexes/Summoning              5
   e - Summon Hydra                   Summoning                    7
 x - a book of Envenomations

   Spells                             Type                      Level
   a - Spider Form                    Transmutation/Poison         3
   b - Alistair's Intoxication        Transmutation/Poison         4
   c - Olgreb's Toxic Radiance        Poison                       4
   d - Poisonous Cloud                Conjuration/Poison/Air       6
 E - a book of Death

   Spells                             Type                      Level
   a - Corpse Rot                     Necromancy                   2
   b - Sublimation of Blood           Necromancy                   2
   c - Agony                          Necromancy                   5
   d - Dispel Undead                  Necromancy                   5
   e - Excruciating Wounds            Charms/Necromancy            5
   f - Bolt of Draining               Conjuration/Necromancy       5
 I - Ygaleotz's Almanac of Virous Damage Dealing
   (You found it on level 9 of the Dungeon)

   Spells                             Type                      Level
   a - Flame Tongue                   Conjuration/Fire             1
   b - Sting                          Conjuration/Poison           1
   c - Ignite Poison                  Fire/Transmutation/Poison    3
   d - Sticky Flame                   Conjuration/Fire             4
   e - Alistair's Intoxication        Transmutation/Poison         4
   f - Venom Bolt                     Conjuration/Poison           5
Comestibles
 f - 11 bread rations
 g - 2 meat rations
 C - 4 fruits


   Skills:
 + Level 8.4 Fighting
 + Level 8.0(9.2) Axes
 + Level 5.7(7.2) Maces & Flails
 + Level 8.3 Armour
 + Level 5.9 Dodging
 + Level 3.1 Stealth
 + Level 9.8 Shields
 + Level 1.5 Invocations
 + Level 1.0 Evocations


You had 10 spell levels left.
You didn't know any spells.

Dungeon Overview and Level Annotations

Branches:
Dungeon (10/15)            Temple (1/1) D:7             Orc (0/2) D:10
   Lair: D:8-11

Altars:
Ashenzari
Cheibriados
Dithmenos
Elyvilon
Fedhas
Gozag
Kikubaaqudgha
Makhleb
Nemelex Xobeh
Okawaru
Pakellas
Qazlal
Ru
Sif Muna
Trog
Vehumet
Xom
Yredelemnul
Zin
The Shining One

Shops:
D:6 }   D:7 *


Message History

As you read the scroll of teleportation, it crumbles to dust.
You feel strangely unstable.
You flicker back into view.
Your surroundings suddenly seem different.
The orc falls on its knees before you.
It says, "I'm so glad you are here now."
Something completely misses you.
Cornered, the jackal turns to fight!
Something hits you.
* * * LOW HITPOINT WARNING * * *
You block the orc warrior's attack. Something hits you.
* * * LOW HITPOINT WARNING * * *
Something hits you.
* * * LOW HITPOINT WARNING * * *
Your orc misses the jackal.
You hit the orc warrior but do no damage.
Something hits you!
* * * LOW HITPOINT WARNING * * *
Something hits you!
You die...

#############
..............#
...............##
....$........##.##
.......o....>#...##
................#.#
...............@..###
...[.....h.....o....##
.....................##
........o.............##
$....................#.#
....................#h..
.>.....................#
...............)......#.
$......................#


You could see an orc warrior, 2 jackals and a friendly orc.

Vanquished Creatures
  Pikel (D:7)
  Psyche (D:8)
  A two-headed ogre (D:8)
  A trapdoor spider zombie (D:10)
  Prince Ribbit (D:8)
  Grinder (D:4)
  Sigmund (D:3)
  A spriggan (D:7)
  A vampire (D:10)
  5 orc warriors
  2 ice beasts (D:6)
  2 sky beasts
  3 phantoms
  A black bear (D:8)
  An ogre (D:7)
  A necrophage (D:6)
  A centaur (D:7)
  2 crocodiles
  2 big kobolds (D:7)
  6 giant frogs
  A wyvern zombie (D:6)
  A water moccasin skeleton (D:7)
  2 scorpions
  12 wights
  A crimson imp (D:8)
  Crazy Yiuf (D:2)
  4 hounds
  A centaur skeleton (D:7)
  5 jellies
  3 orc priests
  A giant frog skeleton (D:9)
  4 orc wizards
  2 iguanas (D:4)
  6 worker ants
  A killer bee zombie (D:7)
  A hound skeleton (D:6)
  4 gnolls (D:4)
  13 adders
  An ooze (D:3)
  An adder zombie (D:6)
  An adder skeleton (D:7)
  6 worms
  3 giant geckos
  27 orcs
  A ball python (D:2)
  7 bats
  7 giant cockroaches
  8 goblins
  6 hobgoblins
  2 jackals (D:4)
  16 kobolds
  3 quokkas
  14 giant newts
  7 rats
208 creatures vanquished.

Vanquished Creatures (collateral kills)
  The ghost of Vojta the Ducker, a novice TrFE of Makhleb (D:10)
  Erica (D:8)
  2 hill giants (D:10)
  A vampire (D:9)
  A hungry ghost (D:9)
  A phantom (D:9)
  A hound (D:9)
  An orc priest (D:10)
  A worker ant (D:10)
  2 adders (D:8)
  An adder skeleton (D:9)
  3 orcs
16 creatures vanquished.

Vanquished Creatures (others)
  An orc warrior (D:8)
  4 orc priests
  An adder (D:4)
  12 orcs
  2 kobolds (D:7)
  A giant gecko zombie (D:7)
21 creatures vanquished.

Grand Total: 245 creatures vanquished

Notes
Turn   | Place    | Note
--------------------------------------------------------------
     0 | D:1      | dvd the Hill Orc Fighter began the quest for the Orb.
     0 | D:1      | Reached XP level 1. HP: 19/19 MP: 1/1
    77 | D:1      | Reached XP level 2. HP: 21/27 MP: 2/2
   517 | D:1      | Reached XP level 3. HP: 18/33 MP: 3/3
   896 | D:1      | Reached skill level 4 in Fighting
  1221 | D:2      | Noticed Crazy Yiuf
  1226 | D:2      | Killed Crazy Yiuf
  1226 | D:2      | Reached skill level 1 in Dodging
  1226 | D:2      | Reached XP level 4. HP: 19/40 MP: 4/4
  1377 | D:2      | Found a stormy altar of Qazlal.
  1405 | D:2      | Found a snail-covered altar of Cheibriados.
  1910 | D:3      | Found a faded altar to an unknown god.
  2015 | D:3      | Reached XP level 5. HP: 46/46 MP: 5/5
  2287 | D:3      | Found a sacrificial altar of Ru.
  2373 | D:3      | Noticed Sigmund
  2405 | D:3      | Killed Sigmund
  2405 | D:3      | Reached XP level 6. HP: 37/53 MP: 6/6
  2459 | D:3      | Noticed a phantom
  2490 | D:3      | Killed a phantom
  2490 | D:3      | Reached skill level 5 in Axes
  2561 | D:3      | Found a deep blue altar of Sif Muna.
  2711 | D:4      | Reached XP level 7. HP: 55/60 MP: 7/7
  2745 | D:4      | Noticed Grinder
  2774 | D:4      | Killed Grinder
  2774 | D:4      | Reached skill level 5 in Fighting
  2774 | D:4      | Reached skill level 5 in Armour
  3121 | D:4      | Became a worshipper of Beogh the Brigand
  3262 | D:4      | Reached skill level 5 in Shields
  3672 | D:4      | Found a radiant altar of Vehumet.
  3688 | D:4      | Reached skill level 6 in Axes
  3726 | D:4      | HP: 2/61 [scorpion (3)]
  3729 | D:4      | Reached skill level 1 in Stealth
  3729 | D:4      | Reached XP level 8. HP: 24/68 MP: 8/8
  4037 | D:5      | Entered Level 5 of the Dungeon
  4324 | D:5      | Found Ene Taej's Antique Armour Shop.
  4664 | D:6      | Found a burning altar of Makhleb.
  4783 | D:6      | Found a basalt altar of Yredelemnul.
  4792 | D:6      | Reached * piety under Beogh
  4957 | D:6      | Reached skill level 7 in Axes
  4966 | D:6      | Got a translucent mace
  4967 | D:6      | Identified the +4 mace "Doituri Ige" {freeze, Stlth+} (You found it on level 6 of the Dungeon)
  5120 | D:6      | Found Cutiyrorch's Gadget Shop.
  5145 | D:6      | Found a glowing silver altar of Zin.
  5186 | D:6      | Reached XP level 9. HP: 75/75 MP: 9/9
  5351 | D:6      | Reached skill level 1 in Maces & Flails
  5519 | D:7      | Noticed Pikel
  5557 | D:7      | Killed Pikel
  5606 | D:7      | Reached ** piety under Beogh
  5961 | D:7      | Reached skill level 8 in Shields
  6194 | D:7      | Found Gozag's Platinum Reserve.
  6194 | D:7      | Found an opulent altar of Gozag.
  6243 | D:7      | Found a staircase to the Ecumenical Temple.
  6248 | D:7      | Reached XP level 10. HP: 86/86 MP: 10/10
  6262 | Temple   | Entered the Ecumenical Temple
  6693 | D:8      | Noticed Psyche
  6708 | D:8      | Killed Psyche
  6953 | D:8      | Noticed Prince Ribbit
  6975 | D:8      | Killed Prince Ribbit
  7089 | D:8      | Noticed Erica
  7321 | D:8      | Reached skill level 5 in Dodging
  7330 | D:8      | Reached *** piety under Beogh
  7581 | D:8      | Found a sacrificial altar of Ru.
  7638 | D:8      | Got a transparent ring mail
  7685 | D:8      | Identified the +2 ring mail "Owelurif" {MR+ Regen+} (You found it on level 8 of the Dungeon)
  7747 | D:8      | Killed Erica
  7747 | D:8      | Reached skill level 9 in Shields
  7752 | D:8      | Reached skill level 1 in Evocations
  8257 | D:9      | Found a burning altar of Makhleb.
  8381 | D:9      | Identified Ygaleotz's Almanac of Virous Damage Dealing (You found it on level 9 of the Dungeon)
  8481 | D:9      | Reached skill level 5 in Maces & Flails
  8781 | D:9      | Found an iron altar of Okawaru.
  8781 | D:9      | Found a shimmering altar of Xom.
  8787 | D:9      | Found a sparkling altar of Nemelex Xobeh.
  9522 | D:10     | Entered Level 10 of the Dungeon
  9541 | D:10     | Noticed a hill giant
  9662 | D:10     | Killed a hill giant
  9662 | D:10     | Reached XP level 11. HP: 94/94 MP: 11/11
  9869 | D:10     | Noticed a hill giant
  9878 | D:10     | Killed a hill giant
  9878 | D:10     | Reached skill level 1 in Invocations
  9896 | D:10     | Noticed Vojta's ghost (novice TrFE)
  9919 | D:10     | Killed Vojta's ghost
  9924 | D:10     | Found a staircase to the Orcish Mines.
  9956 | D:10     | Slain by an unseen horror

Vault maps used:
D:1:      minmay_arrival_shattered_statue, minmay_newt_pond
D:2:      old_standard_altar, overflow_temple_1_default, uniq_crazy_yiuf_cottage
D:3:      nicolae_overflow_hidden_temple, ecumenical_altar_1,
          nicolae_ru_sacrificial_ziggurat, uniq_sigmund
D:4:      lemuel_doored_altar, first_bread, uniq_grinder
D:5:      serial_shops, shop
D:6:      kennysheep_little_box, yredelemnul_altar_generic, serial_shops, shop,
          makhleb_blood_cavern_becter
D:7:      nicolae_gozag_zags_fifth_avenue, minmay_temple_entry_statues_pillars,
          the_bakery, uniq_pikel
D:8:      lemuel_round_altar, uniq_erica, uniq_prince_ribbit1, uniq_psyche
D:9:      grunt_temple_overflow_open
D:10:     minmay_lair_entry_grove, orc_david_3, minmay_fire_ice_demons
Temple:   minmay_temple_bridge_a_8

Action                   |  1- 3 |  4- 6 |  7- 9 | 10-12 || total
-------------------------+-------+-------+-------+-------++-------
Melee: War axe           |   106 |   131 |   279 |    45 ||   561
       Mace              |       |       |   192 |   239 ||   431
       Trident           |       |       |     8 |       ||     8
Throw: Tomahawk          |       |       |       |     2 ||     2
Invok: Convert to Beogh  |       |       |     1 |       ||     1
       Smiting           |       |       |       |     3 ||     3
Evoke: Wand              |       |       |     1 |     9 ||    10
  Use: Potion            |     1 |     3 |     6 |     5 ||    15
       Scroll            |       |       |     9 |     8 ||    17
 Stab: Invisible         |       |       |     6 |     4 ||    10
       Sleeping          |       |       |       |     4 ||     4
       Distracted        |       |       |       |     3 ||     3
  Eat: Chunk             |     1 |     5 |    11 |     6 ||    23
       Pizza             |       |       |     1 |       ||     1
       Beef jerky        |       |       |       |     2 ||     2
       Meat ration       |       |       |       |     1 ||     1
       Royal jelly       |       |       |       |     1 ||     1
       Fruit             |       |       |       |     1 ||     1
